 Dungeon Crawl Stone Soup version 0.18.1-50-g88ac8fd (webtiles) character file.

194170 KarmaPolice the Maledictor (level 17, -11/90 HPs)
             Began as a Vampire Enchanter on Sept 23, 2016.
             Was a High Priest of Dithmenos.
             Killed by divine providence
             ... invoked by a smoke demon
              (13 damage)
             ... while paralysed by accursed screaming
             ... on level 3 of the Abyss.
             The game lasted 06:33:39 (55956 turns).

KarmaPolice the Maledictor (Vampire Enchanter)     Turns: 55956, Time: 06:33:41

Health: -11/90     AC: 10    Str:  5 (8)  XL:     17   Next: 66%
Magic:  23/33      EV: -1    Int: 12 (17) God:    Dithmenos [*****.]
Gold:   3228       SH:  0    Dex: 20 (21) Spells: 7 memorised, 18 levels left

rFire  . . .     SeeInvis +     r - +5 dagger
rCold  + . .     Gourm    .     u - +1 robe of Sin {Slay+3}
rNeg   + . .     Faith    .     (no shield)
rPois  +         Spirit   .     (no helmet)
rElec  .         Dismiss  .     S - +0 cloak
rCorr  +         Reflect  .     E - +2 pair of gloves
SustAt .         Harm     .     q - +2 pair of boots {Stlth+}
MR     +....     Rnd*Tele +     M - amulet of regeneration
Stlth  ++++++++++               J - ring of protection from cold
                                b - ring of resist corrosion

@: paralysed, about to teleport, darkness, very slightly contaminated, wreathed
by umbra, constricted, somewhat resistant to hostile enchantments, uncannily
stealthy
A: fangs 3, see invisible, berserk 2, deterioration 2, frail 3, poison
resistance, teleportitis 2, unbreathing, subdued magic 3, MP-powered wands
a: Bat Form, Shadow Step, Shadow Form, Renounce Religion
}: 1/15 runes: decaying


You were on level 3 of the Abyss.
You worshipped Dithmenos.
Dithmenos was extremely pleased with you.
You were not thirsty.

You visited 7 branches of the dungeon, and saw 33 of its levels.
You visited the Abyss 3 times.
You also visited: Labyrinth.

You collected 3450 gold pieces.
You spent 222 gold pieces at shops.

Inventory:

Hand Weapons
 r - a +5 dagger (weapon)
 v - a +2 dagger of draining
 I - a +2 dagger of freezing
 N - a +4 dagger
Armour
 q - a +2 pair of boots of stealth (worn)
 u - the +1 robe of Sin (worn) {Slay+3}
   (You found it on level 1 of the Elven Halls)

   It affects your accuracy and damage with ranged weapons and melee attacks
   (+3).
 E - a +2 pair of gloves (worn)
 S - a +0 cloak (worn)
 V - a +3 leather armour of fire resistance
Jewellery
 b - a ring of resist corrosion (left hand)
 c - an uncursed ring of magical power
 j - an uncursed ring of positive energy
 k - an uncursed ring of protection from fire
 B - an uncursed ring of protection from fire
 J - a ring of protection from cold (right hand)
 M - an amulet of regeneration (around neck)
Wands
 G - a wand of confusion (32/48)
 T - a wand of teleportation (0/9)
Scrolls
 a - 2 scrolls of silence
 i - 15 scrolls of remove curse
 l - 4 scrolls of magic mapping
 n - a scroll of summoning
 s - 5 scrolls of identify
 y - 6 scrolls of amnesia
 A - 6 scrolls of fog
 D - 5 scrolls of recharging
 K - a scroll of blinking
 L - 7 scrolls of fear
 Q - a scroll of teleportation
Potions
 d - 7 potions of blood
 e - 13 potions of curing
 f - 5 potions of magic
 g - 5 potions of flight
 h - 5 potions of invisibility
 o - 3 potions of agility
 p - 6 potions of heal wounds
 t - 3 potions of might
 w - 5 potions of haste
 z - 4 potions of brilliance
 C - 3 potions of cure mutation
 F - a potion of resistance
 R - 2 potions of cancellation
Books
 m - a book of Debilitation

   Spells                             Type                      Level
   a - Corona                         Hexes                        1
   b - Slow                           Hexes                        2
   c - Gell's Gravitas                Hexes/Translocation          3
   d - Inner Flame                    Hexes/Fire                   3
   e - Cause Fear                     Hexes                        4
   f - Leda's Liquefaction            Hexes/Earth                  4
 x - a Grand Grimoire

   Spells                             Type                      Level
   a - Monstrous Menagerie            Summoning                    7
   b - Summon Greater Demon           Summoning                    7
   c - Malign Gateway                 Summoning/Translocation      7
   d - Summon Horrible Things         Summoning                    8
 H - a book of Beasts

   Spells                             Type                      Level
   a - Summon Butterflies             Summoning                    1
   b - Call Canine Familiar           Summoning                    3
   c - Summon Ice Beast               Ice/Summoning                4
   d - Summon Mana Viper              Hexes/Summoning              5
   e - Summon Hydra                   Summoning                    7


   Skills:
 - Level 10.6 Fighting
 - Level 10.9 Short Blades
 + Level 12.7 Dodging
 - Level 10.2 Stealth
 + Level 12.9 Spellcasting
 + Level 22.0 Hexes
 - Level 7.1 Charms
 - Level 10.0 Ice Magic
 - Level 8.0 Invocations


You had 18 spell levels left.
You knew the following spells:

 Your Spells              Type           Power        Failure   Level  Hunger
a - Corona                Hex            ####...      0%          1    None
b - Ensorcelled Hibernat  Hex/Ice        ###...       0%          2    None
c - Confuse               Hex            ####....     0%          3    None
d - Tukima's Dance        Hex            ####....     0%          3    None
e - Invisibility          Hex            ####....     1%          6    ######.
f - Darkness              Hex            ####......   1%          6    ######.
g - Swiftness             Chrm/Air       #.......     1%          2    None


Dungeon Overview and Level Annotations

Branches:
Dungeon (15/15)            Temple (0/1) D:6            Lair (8/8) D:9
  Swamp (4/4) Lair:3        Snake (1/4) Lair:6          Orc (2/2) D:11
    Elf (2/3) Orc:2        Vaults (1/5) D:13         Depths (0/5) D:15
  Slime: Lair:6-8

Altars:
Ashenzari
Dithmenos
Gozag
Kikubaaqudgha
Nemelex Xobeh
Okawaru
Pakellas
Qazlal
Ru
Sif Muna
Trog
Vehumet
Xom
Yredelemnul
Zin
The Shining One
Beogh

Shops:
D:4 *   D:9 %[(   D:11 %   Orc:1 *   Orc:2 [=*(

Annotations:
Lair:4 exclusion: 4 oklob plants
Lair:6 exclusion: oklob plant
Elf:1 Aizul


Innate Abilities, Weirdness & Mutations

You have razor-sharp teeth.
You have supernaturally acute eyesight.
You can survive without breathing.
Your system is resistant to poisons.
[You often lose your temper in combat.]
[Your body often deteriorates upon taking damage.]
[You are extremely frail (-30% HP).]
[You are sometimes teleported next to monsters.]
[Your spells are much easier to cast, but much less powerful.]
[You expend magic power (3 MP) to strengthen your wands.]


Message History

Unknown command.
Casting: Tukima's Dance
Confirm with . or Enter, or press ? or * to list all spells.
It gets dark.
The tentacled starspawn completely misses you.
The tentacled starspawn closely misses you.
The starspawn tentacle misses you.
Unknown command.
A cacophony of accursed wailing tears at your sanity!
You suddenly lose the ability to move!
The tentacled starspawn bites you. The tentacled starspawn engulfs you!
Your body deteriorates!
You feel weakened. The starspawn tentacle grabs you.
The starspawn tentacle constricts you. The tentacled starspawn bites you!!
* * * LOW HITPOINT WARNING * * *
The tentacled starspawn engulfs you!
* * * LOW HITPOINT WARNING * * *
The smoke demon gestures at you. Something smites you!
You die...

# # ######
##. ## ##
#...
....###X..
..
#XX#XX....
#wXXXX5$...
##X3# X.
... #@w#
#5.. ..
####
##5#... #
..###
####.3. ...
.F ... ...
...


You could see 9 starcursed masses, a tentacled starspawn, a smoke demon and 2
starspawn tentacles.

Vanquished Creatures
  Kirke (D:14)
  Agnes (Elf:1)
  Donald (Swamp:3)
  Maud (Lair:4)
  An emperor scorpion (D:15)
  Louise (D:14)
  An orc warlord (Orc:1)
  An ironheart preserver (Vaults:1)
  Azrael (D:14)
  A dire elephant (D:15)
  A minotaur (Lab)
  Snorg (Lair:5)
  2 vault guards (Vaults:1)
  Josephine (D:10)
  4 fire dragons
  2 deep elf high priests (Elf:1)
  A great orb of eyes (Vaults:1)
  A rakshasa (Vaults:1)
  A catoblepas (D:15)
  30 hydras
  A death knight (D:12)
  10 alligators
  5 centaur warriors
  Erica (D:9)
  2 ogre magi
  5 death yaks (Lair:7)
  The ghost of Mesmaeker13 the Destroyer, a journeyman GrCj of Vehumet (D:9)
  2 tengu warriors
  An orc high priest (Orc:2)
  Urug (Lair:4)
  The ghost of cedor the Carver, a novice DsWr of Okawaru (D:10)
  8 deep elf knights
  A spriggan berserker (Swamp:4)
  A skeletal warrior (D:12)
  3 shambling mangroves
  3 unseen horrors
  6 swamp dragons
  4 orc knights
  A wizard (Vaults:1)
  4 hill giants
  5 deep elf archers (Elf:1)
  2 wolf spiders (Lair:8)
  A lindwurm (Lair:7)
  4 griffons
  2 hornets
  23 deep elf magi
  4 cyclopes
  5 orc sorcerers
  Maurice (D:12)
  5 manticores
  An ugly thing (D:13)
  14 elephants
  A vault sentinel (Vaults:1)
  A naga mage (Lair:6)
  A smoke demon (Abyss:2)
  5 centaur zombies
  10 black mambas
  A guardian serpent (Lair:8)
  20 spiny frogs
  3 centaur skeletons
  A torpor snail (Lair:8)
  2 kobold demonologists (Vaults:1)
  3 freezing wraiths
  A yaktaur (Vaults:1)
  7 rime drakes
  3 komodo dragons (Lair:8)
  A yaktaur (shapeshifter) (D:13)
  4 ancient zymes (Abyss:2)
  3 two-headed ogres
  A merfolk (D:9)
  5 trolls
  A wolf spider simulacrum (Vaults:1)
  4 boulder beetles
  7 bog bodies
  6 giant leeches
  A raiju (Abyss:2)
  34 slime creatures
  7 blink frogs
  A vampire (D:13)
  2 spriggans (Swamp:2)
  2 redbacks
  4 shadows
  A hog (D:14)
  4 fire elementals (D:14)
  59 yaks
  6 dancing weapons
  12 wyverns
  7 hungry ghosts
  5 wraiths
  3 steam dragons (Lair:8)
  10 basilisks
  17 vampire mosquitoes
  14 hippogriffs
  22 swamp worms
  2 mottled dragons
  6 insubstantial wisps
  3 wargs
  5 hell hounds
  17 water moccasins
  14 porcupines
  A hornet simulacrum (D:15)
  31 orc warriors
  18 swamp drakes
  12 wasps
  4 sky beasts
  4 black bears
  2 eyes of draining (D:13)
  6 ice beasts
  8 wolves
  20 ogres
  A necrophage (D:14)
  6 boggarts
  6 centaurs
  8 phantoms
  24 crocodiles
  A small abomination (Abyss:2)
  6 big kobolds
  14 giant frogs
  An elf zombie (D:14)
  A gnoll sergeant (D:9)
  An earth elemental (Elf:1)
  5 scorpions
  15 killer bees
  3 electric eels (D:11)
  7 howler monkeys
  4 wights
  2 spriggan skeletons (Lab)
  8 crimson imps
  4 lava snakes (Lab)
  A giant frog zombie (D:12)
  6 human zombies (D:14)
  10 hounds
  6 jellies
  32 orc wizards
  A giant frog skeleton (D:7)
  17 orc priests
  17 iguanas
  12 worker ants
  34 sheep
  A hound skeleton (D:9)
  2 mummies (D:14)
  3 worker ant zombies
  16 adders
  11 gnolls
  88 river rats
  4 shadow imps
  An ooze (D:2)
  2 adder zombies
  4 worms
  2 dart slugs (D:1)
  5 giant geckos
  92 orcs
  7 giant cockroaches
  10 goblins
  3 hobgoblins
  16 jackals
  22 kobolds
  5 quokkas
  2 ball pythons
  11 bats
  2 giant newts
  An orc zombie (D:14)
  13 rats
  A spectral orc (D:9)
  A plant (Lair:8)
1215 creatures vanquished.

Vanquished Creatures (collateral kills)
  Rupert (Lair:4)
  A vault warden (Vaults:1)
  An ironheart preserver (Vaults:1)
  A vault guard (Vaults:1)
  An ogre mage (Vaults:1)
  2 tengu warriors
  2 hill giants
  An orc knight (Orc:2)
  2 two-headed ogres (Vaults:1)
  3 orc warriors
  A boggart (D:11)
  4 ogres
  9 wights
  An orc priest (D:11)
  An iguana (D:10)
  A gnoll (D:4)
  4 orcs
36 creatures vanquished.

Vanquished Creatures (others)
  5 dancing weapons
  A crocodile (Lair:6)
  A goblin (D:1)
  A rat (D:1)
  A briar patch (Swamp:3)
  A bush (Lair:6)
  23 fungi
  21 plants
  4 starspawn tentacles
58 creatures vanquished.

Grand Total: 1309 creatures vanquished

Notes
Turn   | Place    | Note
--------------------------------------------------------------
     0 | D:1      | KarmaPolice the Vampire Enchanter began the quest for the Orb.
     0 | D:1      | Reached XP level 1. HP: 13/13 MP: 3/3
   431 | D:1      | Reached XP level 2. HP: 9/19 MP: 5/5
   651 | D:1      | Learned a level 2 spell: Ensorcelled Hibernation
  1152 | D:1      | Reached skill level 5 in Hexes
  1261 | D:1      | Reached XP level 3. HP: 24/24 MP: 3/6
  2035 | D:2      | Reached skill level 1 in Ice Magic
  2051 | D:2      | Reached skill level 5 in Stealth
  2547 | D:3      | Found a bloodstained altar of Trog.
  2553 | D:3      | Reached XP level 4. HP: 17/30 MP: 4/7
  2585 | D:3      | Learned a level 3 spell: Confuse
  2689 | D:3      | Found a glowing golden altar of the Shining One.
  3342 | D:4      | Reached XP level 5. HP: 34/35 MP: 5/8
  3378 | D:4      | Learned a level 3 spell: Tukima's Dance
  3432 | D:4      | Noticed a phantom
  3557 | D:4      | Noticed a phantom
  3678 | D:4      | Noticed an ogre
  3686 | D:4      | Killed an ogre
  3686 | D:4      | Reached skill level 6 in Hexes
  3864 | D:4      | Reached XP level 6. HP: 41/41 MP: 6/10
  3902 | D:4      | Found Waheck's Assorted Antiques.
  3915 | D:4      | Bought a runed dagger for 62 gold pieces
  3939 | D:4      | Found an iron altar of Okawaru.
  4181 | D:4      | Reached XP level 7. HP: 46/46 MP: 12/12
  4264 | D:4      | Reached skill level 7 in Hexes
  4781 | D:5      | Entered Level 5 of the Dungeon
  4807 | D:5      | Found a stormy altar of Qazlal.
  4807 | D:5      | Noticed a fire elemental
  4809 | D:5      | Noticed a water elemental
  4809 | D:5      | Noticed an air elemental
  4942 | D:5      | Found a deep blue altar of Sif Muna.
  5334 | D:5      | Found a shadowy altar of Dithmenos.
  5344 | D:5      | Became a worshipper of Dithmenos the Shadowed
  5354 | D:5      | Reached skill level 8 in Hexes
  5354 | D:5      | Reached XP level 8. HP: 50/52 MP: 1/14
  5622 | D:5      | Found a sacrificial altar of Ru.
  5948 | D:6      | Reached * piety under Dithmenos
  5948 | D:6      | Reached skill level 5 in Spellcasting
  6124 | D:6      | Reached skill level 1 in Invocations
  6311 | D:6      | Found a staircase to the Ecumenical Temple.
  6670 | D:7      | Reached skill level 9 in Hexes
  6670 | D:7      | Reached skill level 5 in Ice Magic
  6967 | D:7      | Reached XP level 9. HP: 57/57 MP: 17/17
  6978 | D:7      | Found an opulent altar of Gozag.
  7930 | D:8      | Found a radiant altar of Vehumet.
  8010 | D:8      | Reached ** piety under Dithmenos
  8010 | D:8      | Reached skill level 5 in Short Blades
  8061 | D:8      | Reached skill level 10 in Hexes
  8131 | D:8      | Found a shattered altar of Ashenzari.
  8502 | D:9      | Noticed Mesmaeker13's ghost (journeyman GrCj)
  8859 | D:9      | Found Piggial's Armour Boutique.
  9355 | D:9      | Found Plog's Food Shoppe.
  9383 | D:9      | Found a glowing silver altar of Zin.
  9429 | D:9      | Found Hiufrohe's Weapon Shop.
  9449 | D:9      | Noticed Erica
  9454 | D:9      | Killed Erica
  9454 | D:9      | Reached skill level 11 in Hexes
  9454 | D:9      | Reached XP level 10. HP: 63/63 MP: 19/19
  9962 | D:9      | Found a staircase to the Lair.
 10090 | D:9      | Killed Mesmaeker13's ghost
 10090 | D:9      | Reached skill level 12 in Hexes
 10607 | D:9      | Reached *** piety under Dithmenos
 10649 | D:9      | Found a basalt altar of Yredelemnul.
 10848 | D:10     | Entered Level 10 of the Dungeon
 11015 | D:10     | Reached skill level 5 in Invocations
 11292 | D:10     | Noticed Josephine
 11314 | D:9      | Found a sparkling altar of Nemelex Xobeh.
 11314 | D:9      | Found a shimmering altar of Xom.
 11314 | D:9      | Found an oddly glowing altar of Pakellas.
 11479 | D:11     | Noticed a hill giant
 11479 | D:11     | Noticed a hill giant
 11618 | D:10     | Noticed cedor's ghost (novice DsWr)
 11649 | D:10     | Killed cedor's ghost
 11649 | D:10     | Reached XP level 11. HP: 68/68 MP: 9/21
 11810 | D:10     | Killed Josephine
 11810 | D:10     | Reached skill level 10 in Stealth
 12017 | D:10     | Reached skill level 13 in Hexes
 12156 | D:10     | Found a stormy altar of Qazlal.
 13199 | D:11     | Reached **** piety under Dithmenos
 13342 | D:11     | Found an ancient bone altar of Kikubaaqudgha.
 13701 | D:11     | Noticed a hill giant
 13730 | D:11     | Noticed a six-headed hydra
 13806 | D:11     | Killed a hill giant
 14238 | D:11     | Found Imninoil's Food Emporium.
 14538 | D:11     | Found a staircase to the Orcish Mines.
 15198 | D:11     | Reached ***** piety under Dithmenos
 15367 | Lair:1   | Entered Level 1 of the Lair of Beasts
 15384 | Lair:1   | Noticed an eight-headed hydra
 16006 | Lair:1   | Killed an eight-headed hydra
 16227 | Lair:1   | Reached skill level 14 in Hexes
 16561 | Lair:1   | Reached XP level 12. HP: 74/74 MP: 19/24
 17375 | Lair:2   | Noticed a five-headed hydra
 17395 | Lair:2   | Killed a five-headed hydra
 17628 | Lair:2   | Noticed a four-headed hydra
 17633 | Lair:2   | Killed a four-headed hydra
 18426 | Lair:3   | Noticed a four-headed hydra
 18461 | Lair:3   | Killed a four-headed hydra
 18461 | Lair:3   | Reached skill level 1 in Fighting
 18952 | Lair:3   | Found a staircase to the Swamp.
 18952 | Lair:3   | Noticed a four-headed hydra
 18973 | Lair:3   | Killed a four-headed hydra
 18973 | Lair:3   | Reached skill level 15 in Hexes
 19279 | Lair:3   | Noticed a five-headed hydra
 19295 | Lair:3   | Killed a five-headed hydra
 19627 | Lair:4   | Noticed Maud
 19692 | Lair:4   | Killed Maud
 19976 | Lair:4   | Noticed Rupert
 19996 | Lair:4   | Paralysed by Rupert for 5 turns
 20043 | Lair:4   | Killed Rupert
 20043 | Lair:4   | Reached skill level 5 in Fighting
 20043 | Lair:4   | Reached XP level 13. HP: 34/91 MP: 16/26
 20260 | Lair:4   | Reached skill level 10 in Ice Magic
 20398 | Lair:4   | Noticed Urug
 20407 | Lair:4   | Killed Urug
 20655 | Lair:5   | Learned a level 6 spell: Invisibility
 20662 | Lair:5   | Learned a level 6 spell: Darkness
 20668 | Lair:5   | Learned a level 2 spell: Swiftness
 20920 | Lair:5   | Noticed Snorg
 20981 | Lair:5   | Killed Snorg
 21669 | Lair:6   | Found a staircase to the Snake Pit.
 22364 | Lair:7   | Reached skill level 16 in Hexes
 22517 | Lair:7   | Reached skill level 1 in Charms
 22928 | Lair:7   | Identified a scroll of acquirement
 22932 | Lair:7   | Gained mutation: Your system is resistant to poisons. [potion of beneficial mutation]
 23821 | Lair:7   | Reached ****** piety under Dithmenos
 23865 | Lair:7   | Reached skill level 10 in Spellcasting
 24056 | Lair:8   | Entered Level 8 of the Lair of Beasts
 24624 | Lair:8   | Reached XP level 14. HP: 103/103 MP: 17/28
 24798 | Lair:8   | Reached skill level 17 in Hexes
 24907 | Lair:7   | Reached skill level 5 in Charms
 27578 | Lair:6   | Reached skill level 18 in Hexes
 27660 | Swamp:1  | Entered Level 1 of the Swamp
 28208 | Orc:1    | Entered Level 1 of the Orcish Mines
 28348 | Orc:1    | Found Iloi's Assorted Antiques.
 28693 | Orc:2    | Entered Level 2 of the Orcish Mines
 28793 | Orc:2    | Reached skill level 5 in Dodging
 28799 | Orc:2    | Found a roughly hewn altar of Beogh.
 29129 | Orc:2    | Noticed an orc warlord
 29307 | Orc:1    | Killed an orc warlord
 29502 | Orc:2    | Found a roughly hewn altar of Beogh.
 30291 | Orc:2    | Found a staircase to the Elven Halls.
 30332 | Orc:2    | Found Gaamer's Antique Weapon Boutique.
 30373 | Orc:2    | Found Kallig's Jewellery Boutique.
 30524 | Orc:2    | Found Xess's Antique Armour Boutique.
 30539 | Orc:2    | Found Bizeoc's General Store.
 30546 | Orc:2    | Bought a potion of resistance for 160 gold pieces
 30767 | Elf:1    | Entered Level 1 of the Elven Halls
 31015 | D:11     | Reached XP level 15. HP: 113/113 MP: 26/29
 31544 | D:12     | Noticed Maurice
 31549 | D:12     | Killed Maurice
 32089 | D:13     | Found a labyrinth entrance.
 32106 | Lab      | Entered a labyrinth
 32410 | Lab      | Found an exit through the horrors of the Abyss.
 33384 | Lab      | Found an exit through the horrors of the Abyss.
 33942 | D:13     | Found a gate to the Vaults.
 34211 | D:13     | Identified a +2 rod of clouds (10/10) (You found it in a labyrinth)
 34219 | D:13     | Identified a +6 rod of ignition (10/10) (You found it in a labyrinth)
 35726 | D:14     | Reached skill level 10 in Short Blades
 35782 | D:14     | Reached skill level 19 in Hexes
 36085 | D:14     | Found a basalt altar of Yredelemnul.
 36547 | D:14     | Noticed Azrael
 36596 | D:14     | Reached skill level 10 in Fighting
 36661 | D:14     | Killed Azrael
 36692 | D:14     | Noticed Kirke
 36779 | D:14     | Noticed Louise
 36880 | D:14     | Killed Louise
 36958 | D:14     | Killed Kirke
 37139 | D:15     | Entered Level 15 of the Dungeon
 37460 | D:15     | Found a staircase to the Depths.
 37977 | D:15     | Reached XP level 16. HP: 123/123 MP: 7/30
 39082 | Snake:1  | Entered Level 1 of the Snake Pit
 41606 | Swamp:3  | Noticed Donald
 41606 | Swamp:3  | Noticed a thorn hunter
 41700 | Swamp:3  | Killed Donald
 41700 | Swamp:3  | Reached skill level 20 in Hexes
 42035 | Swamp:3  | Reached skill level 10 in Dodging
 42741 | Swamp:4  | Entered Level 4 of the Swamp
 46555 | Swamp:4  | Got a decaying rune of Zot
 47440 | Elf:1    | Reached skill level 21 in Hexes
 47440 | Elf:1    | Reached XP level 17. HP: 129/129 MP: 26/33
 47739 | Elf:1    | Got a crude robe
 48464 | Elf:1    | Found a huge runed gate.
 48464 | Elf:1    | Found a huge runed gate.
 48465 | Elf:1    | Found a huge runed gate.
 48466 | Elf:1    | Found a huge runed gate.
 48466 | Elf:1    | Found a huge runed gate.
 48467 | Elf:1    | Found a huge runed gate.
 48467 | Elf:1    | Found a huge runed gate.
 48468 | Elf:1    | Found a huge runed gate.
 48664 | Elf:1    | Found a huge runed gate.
 48665 | Elf:1    | Found a huge runed gate.
 48665 | Elf:1    | Found a huge runed gate.
 48667 | Elf:1    | Found a huge runed gate.
 48669 | Elf:1    | Found a huge runed gate.
 48669 | Elf:1    | Found a huge runed gate.
 48669 | Elf:1    | Found a huge runed gate.
 48671 | Elf:1    | Found a huge runed gate.
 48671 | Elf:1    | Found a huge runed gate.
 48671 | Elf:1    | Found a huge runed gate.
 48672 | Elf:1    | Found a huge runed gate.
 48892 | Elf:1    | Found a huge runed gate.
 48893 | Elf:1    | Found a huge runed gate.
 48933 | Elf:1    | Noticed Aizul
 49021 | Elf:1    | Found a huge runed gate.
 49027 | Elf:1    | Noticed Agnes
 49032 | Elf:1    | Found a huge runed gate.
 49032 | Elf:1    | Found a huge runed gate.
 49033 | Elf:1    | Found a huge runed gate.
 49035 | Elf:1    | Killed Agnes
 49071 | Elf:1    | Found a huge runed gate.
 49071 | Elf:1    | Found a huge runed gate.
 49071 | Elf:1    | Found a huge runed gate.
 49236 | Elf:1    | Found a huge runed gate.
 49236 | Elf:1    | Found a huge runed gate.
 49237 | Elf:1    | Found a huge runed gate.
 49250 | Elf:1    | Noticed a deep elf blademaster
 49660 | Elf:1    | Got a smoking leather armour
 51774 | D:13     | Identified the +1 robe of Sin {Slay+3} (You found it on level 1 of the Elven Halls)
 51784 | D:13     | Identified the +0 leather armour "Xomaozxo" {Dex+4} (You found it on level 1 of the Elven Halls)
 51798 | Vaults:1 | Entered Level 1 of the Vaults
 51905 | Vaults:1 | Found a glowing golden altar of the Shining One.
 52247 | Vaults:1 | Cast into level 2 of the Abyss (an ogre mage)
 52248 | Abyss:2  | Found a corrupted altar of Lugonu.
 52413 | Abyss:2  | Noticed a bone dragon
 52677 | Vaults:1 | Escaped the Abyss
 53280 | Vaults:1 | Cast into level 2 of the Abyss (a wizard)
 53718 | Abyss:2  | Noticed a Hell Sentinel
 54133 | Vaults:1 | Escaped the Abyss
 54160 | Vaults:1 | Reached skill level 22 in Hexes
 54391 | Vaults:1 | Cast into level 3 of the Abyss (an ogre mage)
 54573 | Abyss:3  | Noticed a lich
 55024 | Abyss:3  | Found a corrupted altar of Lugonu.
 55143 | Abyss:3  | Noticed a lich
 55150 | Abyss:3  | Found a corrupted altar of Lugonu.
 55273 | Abyss:3  | Noticed a bone dragon
 55955 | Abyss:3  | Paralysed by accursed screaming for 2 turns
 55956 | Abyss:3  | HP: 2/90 [tentacled starspawn (13)]
 55956 | Abyss:3  | Killed from afar by a smoke demon

Skill      XL: |  1  2  3  4  5  6  7  8  9 10 11 12 13 14 15 16 17 |
---------------+----------------------------------------------------+-----
Short Blades   | 2 3 4 5 6 7 8 10 | 10.9
Hexes          | 5 6 8 9 11 12 14 15 16 18 19 21 22 | 22.0
Ice Magic      | 1 2 3 4 5 6 7 8 9 10 | 10.0
Stealth        | 5 6 8 9 10 | 10.2
Spellcasting   | 3 4 5 6 7 8 9 10 12 | 12.9
Invocations    | 2 3 5 6 7 8 |  8.0
Fighting       | 5 7 9 10 | 10.6
Charms         | 4 7 |  7.1
Dodging        | 5 8 11 12 | 12.7

Action                   |  1- 3 |  4- 6 |  7- 9 | 10-12 | 13-15 | 16-18 || total
-------------------------+-------+-------+-------+-------+-------+-------++-------
Melee: Dagger            |   132 |    68 |   270 |   614 |  1554 |   796 ||  3434
       Bite              |     9 |     2 |    22 |    51 |   185 |    88 ||   357
       Unarmed           |     1 |       |     4 |     2 |    15 |     7 ||    29
 Cast: Ensorcelled Hiber |    10 |    14 |    31 |   162 |   307 |   226 ||   750
       Corona            |     2 |     7 |    17 |    52 |    90 |    71 ||   239
       Tukima's Dance    |       |     2 |     6 |    21 |    38 |    39 ||   106
       Confuse           |       |     4 |    32 |    94 |   143 |   230 ||   503
       Invisibility      |       |       |       |       |     4 |    16 ||    20
       Darkness          |       |       |       |       |     1 |     3 ||     4
Invok: Shadow Step       |       |       |       |     3 |    12 |     8 ||    23
 Abil: End Transformatio |     6 |     4 |    24 |    79 |   163 |   143 ||   419
       Bat Form          |     6 |     4 |    24 |    79 |   163 |   143 ||   419
Evoke: Wand              |       |       |       |       |       |     2 ||     2
  Use: Scroll            |       |       |    10 |     8 |    21 |    10 ||    49
       Potion            |       |       |     2 |     5 |     6 |    32 ||    45
 Stab: Sleeping          |    17 |    18 |    51 |   124 |   344 |   157 ||   711
       Distracted        |     1 |       |     2 |     4 |    10 |     6 ||    23
       Confused          |       |     3 |    12 |    33 |    79 |    79 ||   206
       Invisible         |       |       |       |       |    13 |    21 ||    34
  Eat: Corpse            |     4 |     4 |     9 |    11 |     8 |     3 ||    39
Armor: Robe              |    34 |    12 |    21 |    59 |    24 |    11 ||   161
       Leather armour    |       |       |       |       |   186 |    63 ||   249
Dodge: Dodged            |    96 |    31 |   129 |   375 |   824 |   625 ||  2080
